 Dungeon Crawl Stone Soup version 0.30-a0-341-g682706514a (webtiles) character file.

Game seed: 15828033885060760082

88 blackman the Sneak (level 4, 0/35 HPs)
             Began as a Human Delver on Nov 3, 2022.
             Slain by an ufetubus (4 damage)
             ... on level 5 of the Dungeon.
             The game lasted 00:02:14 (570 turns).

blackman the Sneak (Human Delver)                    Turns: 570, Time: 00:02:15

Health: 0/35       AC: -9    Str: 12    XL:     4   Next: 81%
Magic:  4/4        EV: 12    Int: 10    God:
Gold:   12         SH:  0    Dex: 17    Spells: 3/3 levels left

rFire   . . .      SeeInvis .    a - +0 falchion
rCold   . . .      Faith    .    (no shield)
rNeg    . . .      Spirit   .    b - +0 leather armour
rPois   .          Reflect  .    (no helmet)
rElec   .          Harm     .    (no cloak)
rCorr   .          Rampage  .    (no gloves)
Will    .....                    (no boots)
Stlth   +++.......               (no amulet)
HPRegen 0.25/turn                (no ring)
MPRegen 0.09/turn                (no ring)

@: mighty, corroded, hasted, very quick
A: no striking features
a: no special abilities


You were on level 5 of the Dungeon.
You visited 1 branch of the dungeon, and saw 2 of its levels.

You collected 12 gold pieces.

Inventory:

Hand Weapons
 a - a +0 falchion (weapon)
Armour
 b - a +0 leather armour (worn)
Wands
 g - a wand of digging (3)
Scrolls
 c - a scroll of fog
 d - a scroll of magic mapping
 e - a scroll of fear


   Skills:
 - Level 3.0 Fighting
 * Level 4.6 Long Blades
 - Level 2.0 Dodging
 - Level 5.0 Stealth


You had 3 spell levels left.
You didn't know any spells.
Your spell library was empty.

Dungeon Overview and Level Annotations

Branches:
Dungeon (6/15)
 Temple: D:4-7

Altars:
Sif Muna


Message History

Moving in this stuff is going to be slow.
Key pressed, stopping explore.
You see here a +0 hand axe.
Key pressed, stopping explore.
A jelly comes into view.
The jelly moves out of view.
A jelly comes into view.
Found 13 gold pieces.
A jelly is nearby!
Found a ring mail.
Key pressed, stopping explore.
Key pressed, stopping explore.
An ufetubus comes into view.
You see here a +0 ring mail.
You see here a +0 ring mail.
You see here a +0 ring mail.
The jelly quivers.
You barely miss the jelly. The jelly hits you but does no damage.
The ufetubus shouts!
You hit the jelly. The acid corrodes you!
Your hands burn!
The jelly is lightly wounded.
The jelly hits you. The acid corrodes you!
You are splashed with acid!
You barely miss the jelly.
The jelly is lightly wounded.
The jelly closely misses you.
You hit the jelly.
Your hands burn!
The jelly is moderately wounded.
The jelly barely misses you. The jelly hits you. The acid corrodes you!
You are splashed with acid!
* * * LOW HITPOINT WARNING * * *
The jelly attacks as you move away! The jelly closely misses you.
Unknown command.
It was a potion of might.
You feel very mighty all of a sudden. The ufetubus closely misses you.
The ufetubus hits you.
* * * LOW HITPOINT WARNING * * *
The ufetubus closely misses you. The ufetubus hits you.
* * * LOW HITPOINT WARNING * * *
You feel yourself speed up. The ufetubus hits you.
You die...

############ #..........#
#..........# #..........#
#....>.....# #####
##..........# #...#
###...........#
#...#############.......>.[...#
#........[....@5J..............
#.......#########.##........#..
#######.# #.##.##........ #.##
###............... #..#
##.....#.####.......
##.###..##.##.# #....... ######
#.........## # #....... ##....#
####......... #.......
#8.8#.#######........J #.......


You could see a jelly and an ufetubus.

Vanquished Creatures
  A necrophage (D:5)
  An orc wizard (D:5)
  An orc (D:5)
3 creatures vanquished.

Notes
Turn   | Place    | Note
-------+----------+-------------------------------------------
     0 | D:5      | blackman the Human Delver began the quest for the Orb.
     0 | D:5      | Reached XP level 1. HP: 18/18 MP: 1/1
    12 | D:5      | Noticed a phantom
    26 | D:6      | Noticed a howler monkey
    40 | D:6      | Noticed a bullfrog
    45 | D:5      | Noticed a necrophage
    49 | D:5      | Noticed an iguana
    68 | D:5      | Killed a necrophage
    69 | D:5      | Reached XP level 2. HP: 11/24 MP: 2/2
    69 | D:5      | Reached XP level 3. HP: 14/29 MP: 3/3
    69 | D:5      | Reached XP level 4. HP: 17/35 MP: 4/4
   189 | D:5      | Found a shimmering blue altar of Sif Muna.
   570 | D:5      | Slain by an ufetubus

Illustrated notes

Levels and vault maps discovered:
D:5:      layout_rooms, kennysheep_orc_sif_temple,
          corexii_item_surrounded_by_moat
D:6:      layout_basic, tgw_kikubaaqudgha, serial_shops, shop_statue,
          st_stairs_3, nicolae_concentric_dashed_squares_wild

Skill      XL: |  1 |
---------------+----+-----
Long Blades    | 4 |  4.6
Fighting       | |  3.0
Dodging        | |  2.0
Stealth        | |  5.0

Action                   |  1- 3 |  4- 6 || total
-------------------------+-------+-------++-------
Melee: Falchion          |     7 |    28 ||    35
       Punch             |     1 |       ||     1
Evoke: Wand              |     4 |       ||     4
  Use: Potion            |       |     2 ||     2
 Stab: Sleeping          |       |     1 ||     1
Armor: Leather armour    |     2 |     3 ||     5
Dodge: Dodged            |     6 |    14 ||    20

Table legend: (Time is in decaauts)
 A = Elapsed time spent in this place.
 B = Non-inter-level travel time spent in this place.
 C = Inter-level travel time spent in this place.
 D = Time resting spent in this place.
 E = Time spent auto-exploring this place.
 F = Levels seen in this place.
 G = Mean time per level.
                   A        B        C        D        E       F      G
               +--------+--------+--------+--------+--------+-----+--------+
         Total |    575 |    570 |      5 |    265 |    172 |   2 |  287.5 |
       Dungeon |    575 |    570 |      5 |    265 |    172 |   2 |  287.5 |
               +--------+--------+--------+--------+--------+-----+--------+

Top non-repeatable levels by time:
     D:5: 556 daAuts
     D:6: 19 daAuts
